 Dungeon Crawl Stone Soup version 0.26.0-16-gc1dbca0489 (webtiles) character file.

Game seed: 2605222181715492267

132 Gauvater the Sneak (level 5, 0/33 HPs)
             Began as an Octopode Fire Elementalist on Jan 20, 2021.
             Slain by a jackal (1 damage)
             ... on level 4 of the Dungeon on Jan 21, 2021.
             The game lasted 00:10:58 (3715 turns).

Gauvater the Sneak (Octopode Fire Elementalist)     Turns: 3715, Time: 00:10:59

Health: 0/33       AC:  1    Str:  8    XL:     5   Next: 15%
Magic:  8/8        EV: 14    Int: 17    God:
Gold:   186        SH:  0    Dex: 13    Spells: 7/8 levels left

rFire    + . .     SeeInvis .   f - +0 spear
rCold    . . .     Faith    .   (no shield)
rNeg     . . .     Spirit   .   (helmet restricted)
rPois    .         Reflect  .   (no amulet)
rElec    .         Harm     .   m - ring of protection from fire
rCorr    .         Rampage  .   (no ring)
Will     .....                  (no ring)
Stlth    +++.......             (no ring)
HPRegen  0.11/turn              (no ring)
MPRegen  0.11/turn              (no ring)
                                (no ring)
                                (no ring)

@: lethally poisoned (0 -> -2)
A: almost no armour, stealthy swim, amphibious, 8 rings, constrict 8, camouflage
1, gelatinous body 1
a: no special abilities


You were on level 4 of the Dungeon.
You visited 1 branch of the dungeon, and saw 4 of its levels.

You collected 186 gold pieces.

Inventory:

Hand Weapons
 f - a +0 spear (weapon)
Missiles
 e - 169 stones
 h - 16 bolts
Jewellery
 m - a ring of protection from fire (left tentacle)
Scrolls
 a - 5 scrolls of teleportation {unknown}
 c - 3 scrolls of remove curse
 d - 6 scrolls of identify {unknown}
 j - a scroll of noise {unknown}
 n - a scroll of magic mapping {unknown}
Potions
 b - 3 potions of degeneration {unknown}
 g - a potion of ambrosia {unknown}
 i - 2 potions of mutation {unknown}
 k - a potion of haste {unknown}
 l - a potion of heal wounds {unknown}


   Skills:
 + Level 1.5 Fighting
 + Level 2.0 Polearms
 + Level 2.5 Dodging
 + Level 3.9 Stealth
 + Level 0.7 Unarmed Combat
 + Level 2.2 Spellcasting
 + Level 1.1 Conjurations
 + Level 3.5 Fire Magic


You had 7 spell levels left.
You knew the following spells:

 Your Spells              Type           Power        Failure   Level
a - Foxfire               Conj/Fire      36%          8%          1

Your spell library contained the following spells:

 Spells                   Type           Power        Failure   Level
 Conjure Flame            Conj/Fire      9%           22%         3
 Inner Flame              Hex/Fire       8%           26%         3
 Sticky Flame             Conj/Fire      9%           58%         4
 Fireball                 Conj/Fire      4%           90%         5


Dungeon Overview and Level Annotations

Branches:
Dungeon (4/15)
 Temple: D:4-7

Altars:


Innate Abilities, Weirdness & Mutations

You cannot wear most types of armour.
You are very stealthy in the water. (Stealth+)
You are amphibious.
You can wear up to eight rings at the same time.
You can use your tentacles to constrict eight enemies at once.
Your skin changes colour to match your surroundings (Stealth+).
Your rubbery body absorbs attacks. (AC +1, EV +1)


Message History

The iguana barely misses you.
An orc comes into view. It is wielding a +0 flail.
The orc drinks a potion.
The orc flickers and vanishes!
Deactivating autopickup; reactivate with Ctrl-A.
You see here a poisoned dart.
You feel sick. The iguana misses you. The jackal bites you.
* * * LOW HITPOINT WARNING * * *
The orc throws a poisoned dart.
The poisoned dart completely misses you.
The poisoned dart barely misses the iguana.
The iguana barely misses you.
The jackal bites you but does no damage.
* * * LOW HITPOINT WARNING * * *
You feel sick. The jackal completely misses you. The jackal bites you.
* * * LOW HITPOINT WARNING * * *
* * * LOW HITPOINT WARNING * * *
You feel sick. The jackal bites you.
You die...

###...#...#
...#..##...((...##
...#.............##
.............#o...#
#.....o....###..###
#......##..##...#.###
.##...............#...#
................hl....##
................@......#
........#o............##
#######.....##.....####
.####...##........####
.(.#....###.....##÷<.###
##....#####...#...÷.)..#
###...####...##.......##
.#.......#..####.#..###
.#....#....####..####


You could see an iguana, 2 orcs and a jackal.

Vanquished Creatures
  A gnoll (D:1)
  3 adders
  4 worms
  A dart slug (D:1)
  2 leopard geckos
  2 orcs
  11 bats
  3 giant cockroaches
  7 goblins
  4 hobgoblins
  10 jackals
  9 kobolds
  4 quokkas
  4 frilled lizards
  8 rats
73 creatures vanquished.

Vanquished Creatures (others)
  10 foxfires
10 creatures vanquished.

Grand Total: 83 creatures vanquished

Notes
Turn   | Place    | Note
-------+----------+-------------------------------------------
     0 | D:1      | Gauvater the Octopode Fire Elementalist began the quest for
                  | the Orb.
     0 | D:1      | Reached XP level 1. HP: 11/11 MP: 3/3
   212 | D:1      | Reached XP level 2. HP: 9/17 MP: 5/5
   784 | D:1      | Reached XP level 3. HP: 16/21 MP: 6/6
  1435 | D:2      | Reached skill level 1 in Polearms
  1663 | D:2      | Reached skill level 1 in Fighting
  1663 | D:2      | Reached XP level 4. HP: 19/28 MP: 7/7
  3331 | D:3      | Reached XP level 5. HP: 33/33 MP: 8/8
  3712 | D:4      | HP: 1/33 [jackal (2)]
  3715 | D:4      | Slain by a jackal

Illustrated notes

Levels and vault maps discovered:
D:1:      dpeg_arrival_court, layout_rooms, minmay_box_of_dots
D:2:      layout_basic
D:3:      layout_loops_ring
D:4:      layout_cave_pools, kennysheep_slug_shrine, zin_scriptorium,
          serial_shops, shop

Skill      XL: |  1  2  3  4  5 |
---------------+----------------+-----
Stealth        | 3 |  3.9
Polearms       | 1 2 |  2.0
Fighting       | 1 |  1.5
Dodging        | |  2.5
Unarmed Combat | |  0.7
Spellcasting   | |  2.2
Conjurations   | |  1.1
Fire Magic     | |  3.5

Action                   |  1- 3 |  4- 6 || total
-------------------------+-------+-------++-------
Melee: Unarmed           |    18 |       ||    18
       Constrict         |    23 |    22 ||    45
       Tentacles         |    18 |    14 ||    32
       Spear             |    63 |    94 ||   157
       Dagger            |     4 |       ||     4
 Cast: Foxfire           |       |     7 ||     7
  Use: Scroll            |     1 |     1 ||     2
 Stab: Sleeping          |     7 |    11 ||    18
Armor: Skin              |    10 |    11 ||    21
Dodge: Dodged            |    55 |    76 ||   131
